 Dungeon Crawl Stone Soup version 0.24.0-123-gd5b16e6ec5 (webtiles) character file.

Game seed: 5199610697254417935, levelgen mode: deterministic

764 vurker the Gusty (level 7, -5/41 HPs)
             Began as a Tengu Air Elementalist on Dec 31, 2019.
             Slain by an orc warrior
             ... wielding a +0 long sword
              (10 damage)
             ... on level 6 of the Dungeon.
             The game lasted 00:09:21 (6119 turns).

vurker the Gusty (Tengu Air Elementalist)           Turns: 6119, Time: 00:09:22

Health: -5/41      AC:  2    Str:  3    XL:     7   Next: 81%
Magic:  2/14       EV: 15    Int: 26    God:
Gold:   284        SH:  0    Dex: 14    Spells: 4/14 levels left

rFire    + + .     SeeInvis .   d - +2 dagger (venom)
rCold    . . .     Gourm    .   (no shield)
rNeg     . . .     Faith    .   a - +0 robe
rPois    .         Spirit   .   (helmet restricted)
rElec    .         Reflect  .   (no cloak)
rCorr    .         Harm     .   (no gloves)
MR       .....                  (boots unavailable)
Stlth    ++........             b - amulet of Equivalence {rF++ Regen+ Str-5 Int+4}
HPRegen  0.53/turn              p - +4 ring of intelligence
MPRegen  0.14/turn              (no ring)

@: flying quickly and evasively, studying Crossbows, quick
A: beak, talons 3, able to fly
a: Stop Flying


You were on level 6 of the Dungeon.
You were near starving.

You visited 2 branches of the dungeon, and saw 7 of its levels.

You collected 284 gold pieces.

Inventory:

Hand Weapons
 d - a +2 dagger of venom (weapon)
   (You found it on level 1 of the Dungeon)
Armour
 a - a +0 robe (worn)
Jewellery
 b - the amulet of Equivalence (around neck) {rF++ Regen+ Str-5 Int+4}
   (You found it on level 5 of the Dungeon)

   [amulet of regeneration]

   It affects your strength (-5).
   It affects your intelligence (+4).
   It greatly protects you from fire.
   It increases your rate of regeneration.
 p - a +4 ring of intelligence (left hand)
   (You found it on level 2 of the Dungeon)
Scrolls
 c - a scroll of enchant weapon
 g - a scroll of teleportation
 h - a scroll of identify
 i - 2 scrolls of immolation
 o - 2 scrolls of remove curse
Potions
 f - 3 potions of heal wounds
 l - a potion of haste {unknown}
 m - 2 potions of lignification
 n - 3 potions of curing
 r - a potion of cancellation
Books
 t - a manual of Crossbows
   (You found it on level 4 of the Dungeon)
Comestibles
 e - 9 rations


   Skills:
 + Level 3.0 Fighting
 - Level 2.1 Dodging
 - Level 2.0 Stealth
 * Level 4.4 Spellcasting
 * Level 5.9 Conjurations
 * Level 7.1 Air Magic


You had 4 spell levels left.
You knew the following spells:

 Your Spells              Type           Power        Failure   Level  Hunger
a - Shock                 Conj/Air       ####         1%          1    None
b - Lightning Bolt        Conj/Air       #####.....   16%         5    #####..
c - Airstrike             Air            #####.....   4%          4    ####...

Your spell library contained the following spells:

 Spells                   Type           Power        Failure   Level  Hunger
 Static Discharge         Conj/Air       #####...     1%          3    ##.....
 Swiftness                Chrm/Air       ###.....     3%          2    None


Dungeon Overview and Level Annotations

Branches:
Dungeon (6/15)             Temple (1/1) D:5

Altars:
Ashenzari
Dithmenos
Fedhas
Gozag
Hepliaklqana
Kikubaaqudgha
Makhleb
Nemelex Xobeh
Okawaru
Ru
Trog
Uskayaw
Wu Jian
Xom
Yredelemnul
Zin
The Shining One


Innate Abilities, Weirdness & Mutations

You have a beak for a mouth.
You have claws for feet.
You can fly continuously.


Message History

Okay, then.
h - a scroll of identify
Found a scroll of identify.
An orc comes into view.
The orc shouts!
You hear a shout!
An orc is nearby!
Aim: an orc The zap hits the orc.
Aim: an orc (severely wounded)
The zap hits the orc.
You kill the orc!
You can't see any susceptible monsters within range! (Use Z to cast anyway.)
You can't see any susceptible monsters within range! (Use Z to cast anyway.)
An orc wizard comes into view. It is wielding a +0 dagger.
The zap misses the orc wizard.
The zap hits the orc wizard.
The zap hits the orc wizard!
The zap hits the orc wizard.
The orc wizard looks braver for a moment.
The zap hits the orc wizard but does no damage.
The zap misses the orc wizard.
The orc wizard casts a spell at you. The puff of frost hits you.
The zap hits the orc wizard.
You kill the orc wizard!
Your Fighting skill increases to level 3!
An orc warrior comes into view. It is wielding a +0 long sword.
An orc comes into view. It is wielding a +3 mace.
Aim: an orc, wielding a +3 mace The zap hits the orc.
Aim: an orc, wielding a +3 mace (severely wounded)
The zap hits the orc!
You kill the orc!
Aim: an orc warrior, wielding a +0 long sword and wearing a +0 plate armour The zap hits the orc warrior.
Aim: an orc warrior, wielding a +0 long sword and wearing a +0 plate armour (lightly wounded)
The zap hits the orc warrior!
The orc warrior hits you with a +0 long sword!
Aim: an orc warrior, wielding a +0 long sword and wearing a +0 plate armour (moderately wounded)
The zap hits the orc warrior.
The orc warrior closely misses you.
The zap hits the orc warrior.
The zap hits the orc warrior!
The orc warrior hits you with a +0 long sword!
* * * LOW HITPOINT WARNING * * *
The zap misses the orc warrior.
The zap hits the orc warrior but does no damage.
The zap hits the orc warrior. x2
The orc warrior hits you with a +0 long sword!
* * * LOW HITPOINT WARNING * * *
The zap hits the orc warrior but does no damage.
The zap misses the orc warrior.
The orc warrior hits you with a +0 long sword!
You die...

#.# ##... #.# ##.. #.# ##. #.#
################.
#.######................
#######........##############.
....)...#####..# #.
#######.#####o.# #. )......@.#
#######. .#######.## #.......
#. #.# #.###### #
#.#########.# #...........#
#############


You could see an orc warrior.

Vanquished Creatures
  An ogre (D:5)
  A centaur (D:5)
  A jelly (D:5)
  A scorpion (D:4)
  A crimson imp (D:5)
  2 hounds
  4 orc wizards
  An orc priest (D:3)
  2 iguanas
  A worker ant (D:5)
  A worker ant zombie (D:5)
  5 adders
  A gnoll (D:2)
  An ooze (D:3)
  3 worms (D:2)
  2 dart slugs
  A leopard gecko (D:1)
  14 orcs
  6 giant cockroaches
  3 goblins
  7 hobgoblins
  11 jackals
  4 quokkas
  A ball python (D:2)
  A ball python skeleton (D:4)
  8 bats
  3 frilled lizards
  12 kobolds
  11 rats
110 creatures vanquished.

Notes
Turn   | Place    | Note
-------+----------+-------------------------------------------
     0 | D:1      | vurker the Tengu Air Elementalist began the quest for the
                  | Orb.
     0 | D:1      | Reached XP level 1. HP: 10/10 MP: 4/4
   195 | D:1      | Reached XP level 2. HP: 15/15 MP: 4/6
   733 | D:1      | You fall into a shaft and drop 1 floor!
  1227 | D:2      | Reached XP level 3. HP: 20/20 MP: 3/7
  1372 | D:2      | Reached skill level 1 in Fighting
  1839 | D:2      | Found an iron altar of Okawaru.
  1989 | D:2      | Reached XP level 4. HP: 20/25 MP: 2/8
  2316 | D:2      | Reached skill level 5 in Air Magic
  2432 | D:3      | Found a sparkling altar of Nemelex Xobeh.
  2454 | D:3      | Gained mutation: You can fly continuously. [Tengu growth]
  2454 | D:3      | Reached XP level 5. HP: 16/29 MP: 2/10
  2637 | D:3      | Learned a level 5 spell: Lightning Bolt
  2642 | D:3      | Learned a level 4 spell: Airstrike
  2742 | D:3      | Found a blossoming altar of Fedhas.
  3117 | D:3      | Found a glowing golden altar of the Shining One.
  3449 | D:4      | Reached XP level 6. HP: 35/35 MP: 3/12
  4218 | D:4      | Reached skill level 6 in Air Magic
  4221 | D:4      | HP: 1/35 [orc wizard/magic dart (10)]
  4725 | D:5      | Entered Level 5 of the Dungeon
  4835 | D:5      | Found a staircase to the Ecumenical Temple.
  4844 | Temple   | Entered the Ecumenical Temple
  4975 | D:5      | Got a bound lead amulet
  4976 | D:5      | Identified the amulet of Equivalence {rF++ Regen+ Str-5
                  | Int+4} (You found it on level 5 of the Dungeon)
  5010 | D:5      | Found a glowing silver altar of Zin.
  5011 | D:5      | Found an opulent altar of Gozag.
  5043 | D:5      | Reached skill level 5 in Conjurations
  5043 | D:5      | Reached XP level 7. HP: 35/40 MP: 9/13
  5736 | D:5      | Found a sacrificial altar of Ru.
  6048 | D:6      | Reached skill level 7 in Air Magic
  6119 | D:6      | Slain by an orc warrior

Levels and vault maps discovered:
D:1:      dpeg_arrival_shrine, layout_basic, serial_rivers,
          chequers_serial_rivers_small_3, chequers_serial_rivers_small_b,
          chequers_serial_rivers_large_b, chequers_serial_rivers_micro_d,
          chequers_serial_rivers_micro_a, chequers_serial_rivers_small_b
D:2:      minmay_chambers_of_ones, layout_rooms, lemuel_doored_altar,
          serial_curves, eino_curves_02, eino_curves_02, minmay_pentomino_u2
D:3:      layout_loops_ring, marbit_many_paths,
          nemelex_xobeh_ov_fountains_minmay, lemuel_crystal_altar
D:4:      layout_loops_corners, minmay_manual_macuahuitl
D:5:      layout_gridville, grunt_temple_overflow_gold_and_silver,
          hangedman_ru_absence, minmay_temple_entry_mini_moons, first_ration
D:6:      layout_loops_ring, vehumet_statue, serial_shops, shop, shop
Temple:   cyrus_temple_forest

Skill      XL: |  1  2  3  4  5  6  7 |
---------------+----------------------+-----
Conjurations   | 2 3 4 5 |  5.9
Fighting       | 1 2 3 |  3.0
Air Magic      | 5 6 7 |  7.1
Spellcasting   | 3 4 |  4.4
Dodging        | |  2.1
Stealth        | |  2.0

Action                   |  1- 3 |  4- 6 |  7- 9 || total
-------------------------+-------+-------+-------++-------
Melee: Dagger            |    19 |     3 |     2 ||    24
       Kick              |     2 |       |       ||     2
       Peck              |     4 |     1 |       ||     5
 Cast: Shock             |    74 |   112 |    40 ||   226
       Airstrike         |       |     1 |     4 ||     5
 Abil: Fly               |       |     1 |       ||     1
  Use: Scroll            |       |    14 |     1 ||    15
  Eat: Chunk             |     4 |     7 |     1 ||    12
       Ration            |       |     1 |       ||     1
Armor: Robe              |     3 |     3 |     1 ||     7
Dodge: Dodged            |    16 |     9 |     6 ||    31
